 Dungeon Crawl Stone Soup version 0.29.1-15-g9cfb28693d (webtiles) character file.

Game seed: 14562537535298581182

44 Barneous the Shooter (level 3, -15/26 HPs)
             Began as a Human Wanderer on Feb 24, 2023.
             Demolished by Sigmund
             ... wielding a +0 scythe of distortion
              (17 damage)
             ... on level 2 of the Dungeon.
             The game lasted 00:04:40 (1170 turns).

Barneous the Shooter (Human Wanderer)               Turns: 1170, Time: 00:04:40

Health: -15/26     AC:  5    Str: 10    XL:     3   Next: 85%
Magic:  3/3        EV: 10    Int:  9    God:
Gold:   57         SH:  0    Dex: 21    Spells: 2/2 levels left

rFire   . . .      SeeInvis .   a - +4 sling
rCold   . . .      Faith    .   (no shield)
rNeg    . . .      Spirit   .   e - +0 leather armour
rPois   .          Reflect  .   c - +0 helmet
rElec   .          Harm     .   (no cloak)
rCorr   .          Rampage  .   (no gloves)
Will    +....                   f - +0 pair of boots
Stlth   ++........              (no amulet)
HPRegen 0.08/turn               (no ring)
MPRegen 0.08/turn               (no ring)

@: no status effects
A: agile 1, strong-willed 1
a: no special abilities


You were on level 2 of the Dungeon.
You visited 1 branch of the dungeon, and saw 2 of its levels.

You collected 57 gold pieces.

Inventory:

Hand Weapons
 a - a +4 sling (weapon)
 b - a +0 short sword
 h - a +2 vorpal flail
Armour
 c - a +0 helmet (worn)
 e - a +0 leather armour (worn)
 f - a +0 pair of boots (worn)
Jewellery
 i - a +6 ring of intelligence
 j - a +4 ring of protection


   Skills:
 + Level 1.6 Fighting
 + Level 1.7 Short Blades
 + Level 4.2 Ranged Weapons
 + Level 2.4 Armour
 + Level 2.5 Stealth


You had 2 spell levels left.
You didn't know any spells.
Your spell library was empty.

Dungeon Overview and Level Annotations

Branches:
Dungeon (2/15)

Altars:
Makhleb

Annotations:
D:2 Sigmund


Innate Abilities, Weirdness & Mutations

You are agile. (Dex +4, Str/Int -1)
You are strong-willed. (Will+)


Message History

Press: ? - help, Q - select action Shift-Dir - straight line You shoot a sling bullet.
Something hits you but does no damage. Space warps horribly around you!
* * * LOW HITPOINT WARNING * * *
Blink to where?
Press: ? - help, Dir - move target A worm comes into view.
As you read the scroll of blinking, it crumbles to dust.
As you read the scroll of summoning, it crumbles to dust.
Wisps of shadow whirl around you...
Fire: a) +4 sling
Press: ? - help, Q - select action Shift-Dir - straight line, f - worm
Aim: a worm (ally target, 82% to hit)
You shoot a sling bullet.
The sling bullet barely misses the worm.
You aren't carrying any potions.
A worm is nearby!
A worm is nearby!
Your ball python barely misses the worm.
Your ball python grabs the worm.
Your ball python constricts the worm.
Your hobgoblin hits the worm.
Your ball python bites the worm.
Your ball python constricts the worm.
Your ball python bites the worm but does no damage.
Your ball python constricts the worm.
The worm struggles to escape constriction.
A puff of flame appears from out of thin air!
The puff of flame hits you.
* * * LOW HITPOINT WARNING * * *
Your hobgoblin hits the worm. x2
Fire: a) +4 sling
Press: ? - help, Q - select action Shift-Dir - straight line, p - worm You shoot a sling bullet.
Your ball python bites the worm.
Your ball python constricts the worm.
Your hobgoblin hits the worm. x2
The worm dies!
Something hits you.
* * * LOW HITPOINT WARNING * * *
Space warps horribly around you!
Ouch! That really hurt!
You die...

.. #.. #.. ### #.#
##.## # #.# #...# #
######.###...###
#####......##..#..#.
#...........#†###.#.
#@......†...# #.†.
#.....†....## ##.#
#......)...# #.#
#.........#### ###
#...S........#
##.........###
#...g.....##
#...g.....### ##
#.........#... #.


You could see 2 friendly hobgoblins and a friendly ball python (summoned).

Vanquished Creatures
  2 adders (D:2)
  5 bats
  4 endoplasms
  2 goblins
  2 quokkas
  3 ball pythons
  A kobold (D:1)
19 creatures vanquished.

Vanquished Creatures (collateral kills)
  A worm (D:2)
  A goblin (D:1)
2 creatures vanquished.

Grand Total: 21 creatures vanquished

Notes
Turn   | Place    | Note
-------+----------+-------------------------------------------
     0 | D:1      | Barneous the Human Wanderer began the quest for the Orb.
     0 | D:1      | Barneous set off with the following items: a +2 sling, a +0
                  | short sword, a +0 helmet, a scroll of blinking, a +0
                  | leather armour.
     0 | D:1      | Reached XP level 1. HP: 15/15 MP: 1/1
   110 | D:1      | Gained mutation: You are agile. (Dex +4, Str/Int -1)
                  | [potion of mutation]
   111 | D:1      | Lost mutation: You are agile. (Dex +4, Str/Int -1) [potion
                  | of mutation]
   111 | D:1      | Gained mutation: You are strong-willed. (Will+) [potion of
                  | mutation]
   111 | D:1      | Gained mutation: You are agile. (Dex +4, Str/Int -1)
                  | [potion of mutation]
   187 | D:1      | Reached XP level 2. HP: 21/21 MP: 2/2
   869 | D:2      | Found a burning altar of Makhleb.
   881 | D:2      | Reached XP level 3. HP: 26/26 MP: 3/3
  1150 | D:2      | Noticed Sigmund
  1170 | D:2      | Demolished by Sigmund

Illustrated notes

Levels and vault maps discovered:
D:1:      dpeg_arrival_central, layout_loops_ring, nicolae_titane
D:2:      layout_rooms, basic_altar, hellmonk_ecumenical_altar_lost_god,
          serial_curves, eino_curves_03, eino_curves_02, grunt_decor_one_mirror,
          uniq_sigmund

Action                   || total
-------------------------++-------
 Fire: Sling             ||    51
  Use: Scroll            ||    10
       Potion            ||     3
Armor: Leather armour    ||     9
Dodge: Dodged            ||    14
